[Event "Kupreichik Memorial Rapid 2019"]
[Site "Minsk"]
[Date "2019.08.17"]
[Round "8.29"]
[White "Stsepkina, Yauheniya"]
[Black "Tyurin, Artem"]
[Result "1/2-1/2"]
[ECO "E04"]
[WhiteElo "1537"]
[BlackElo "2057"]
[Annotator "NA RC"]
[PlyCount "134"]
[EventDate "2019.08.15"]
[EventType "swiss"]
[EventCountry "BLR"]
[SourceTitle "playchess.com"]
[Source "ChessBase"]
[SourceQuality "1"]
[TimeControl "900+10"]

1. d4 Nf6 2. c4 e6 3. Nf3 d5 4. g3 dxc4 5. Bg2 c5 6. O-O Nc6 7. dxc5 Qxd1 8. Rxd1 Bxc5 9. Nc3 O-O 10. Nd2 Na5 11. Nde4 Be7 12. Nxf6+ gxf6 13. Bh6 Rd8 14. Rxd8+ Bxd8 15. Rd1 Be7 16. Nb5 Nc6 17. Nd6 Bd7 18. Nxb7 Be8 19. Na5 Rd8 20. Rxd8 Nxd8 21. e3 e5 22. Nxc4 Ne6 23. e4 Bb5 24. Ne3 Nd4 25. Bf1 Bc6 26. Nd5 Bd8 27. Be3 Nf3+ 28. Kg2 Ne1+ 29. Kg1 f5 30. Nc3 fxe4 31. Bh3 Nf3+ 32. Kg2 Ba5 33. Bg4 Ne1+ 34. Kf1 Nd3 35. Bf5 Bxc3 36. bxc3 a5 37. Ke2 Nb2 38. Bc1 Nc4 39. Bg5 Nd6 40. Bh3 Bb5+ 41. Ke3 f5 42. Kd2 Kf7 43. Bd8 Ke6 44. Kc2 a4 45. Bc7 Nc4 46. Bd8 e3 47. fxe3 Nxe3+ 48. Kd2 Nc4+ 49. Ke1 Nb2 50. Bg5 Bc4 51. a3 e4 52. Kd2 Bb5 53. Ke1 Nc4 54. Bc1 Ne5 55. Bg2 Kd5 56. Bf4 Nd3+ 57. Kd2 Kc4 58. Bf1 Kb3 59. Bxd3 exd3 60. Bd6 Kc4 61. Bf4 Kd5 62. Ke3 h5 63. Bh6 Kc4 64. Kd2 Kd5 65. Ke3 Ke6 66. Kd4 Bc6 67. Kxd3 Ke5 {Ke4+} 1/2-1/2

[Event "Kupreichik Memorial Rapid 2019"]
[Site "Minsk"]
[Date "2019.08.17"]
[Round "8.30"]
[White "Ustiugov, Boris"]
[Black "Masjuk, Vladimir"]
[Result "0-1"]
[ECO "A41"]
[WhiteElo "1567"]
[BlackElo "1900"]
[Annotator "NA"]
[PlyCount "92"]
[EventDate "2019.08.15"]
[EventType "swiss"]
[EventCountry "BLR"]
[SourceTitle "playchess.com"]
[Source "ChessBase"]
[SourceQuality "1"]
[TimeControl "900+10"]

1. d4 d6 2. Nf3 Nf6 3. c4 Bf5 4. Nc3 Nbd7 5. Bg5 h6 6. Bh4 e5 7. e4 Bg4 8. Bxf6 gxf6 9. Be2 Be7 10. h3 Bh5 11. g4 Bg6 12. Qd2 c6 13. O-O-O Qa5 14. Nh4 O-O-O 15. Nf5 Bf8 16. Qc2 Bxf5 17. gxf5 Nb6 18. Kb1 h5 19. Rhg1 Kb8 20. Rg3 h4 21. Rg2 Bh6 22. b3 Bf4 23. d5 Bg5 24. Qb2 cxd5 25. exd5 Qc5 26. Ne4 Qc8 27. Nxg5 fxg5 28. Qc2 f6 29. Qe4 Nd7 30. b4 Qc7 31. Rc1 Qb6 32. a3 Rc8 33. Ka2 a6 34. Qe3 Qd8 35. Rc3 Rc7 36. Rg1 Qe7 37. Rgc1 Rhc8 38. Kb2 e4 39. Bd3 Ne5 40. Be2 Re8 41. c5 dxc5 42. bxc5 Qd8 43. Rb3 Qxd5 44. Bxa6 Ka8 45. a4 bxa6 46. Qc3 Nd3+ 0-1

[Event "Kupreichik Memorial Rapid 2019"]
[Site "Minsk"]
[Date "2019.08.17"]
[Round "8.31"]
[White "Sadovnikov, Konstantin"]
[Black "Kozlov, Valentin"]
[Result "1-0"]
[ECO "B23"]
[WhiteElo "1798"]
[BlackElo "1871"]
[Annotator "NA RC"]
[PlyCount "49"]
[EventDate "2019.08.15"]
[EventType "swiss"]
[EventCountry "BLR"]
[SourceTitle "playchess.com"]
[Source "ChessBase"]
[SourceQuality "1"]
[TimeControl "900+10"]

1. e4 c5 2. Nc3 Nc6 3. f4 e6 4. Nf3 Be7 5. d3 Nf6 6. g3 O-O 7. Bg2 a6 8. O-O b5 9. h3 d6 10. g4 Nd7 11. f5 exf5 12. exf5 Bb7 13. Nd5 Nf6 14. Nf4 Qc7 15. g5 Nd7 16. Nd5 Qd8 17. Qe1 Re8 18. Qg3 Nd4 19. Nxd4 Bxd5 20. Bxd5 cxd4 21. g6 Ne5 22. gxf7+ Nxf7 23. Bh6 Bf6 24. Bxg7 Bxg7 25. f6 1-0

[Event "Kupreichik Memorial Rapid 2019"]
[Site "Minsk"]
[Date "2019.08.17"]
[Round "8.32"]
[White "Tkachou, Viktar"]
[Black "Novik, Nikita"]
[Result "0-1"]
[ECO "A06"]
[WhiteElo "1791"]
[BlackElo "1355"]
[Annotator "NA"]
[PlyCount "100"]
[EventDate "2019.08.15"]
[EventType "swiss"]
[EventCountry "BLR"]
[SourceTitle "playchess.com"]
[Source "ChessBase"]
[SourceQuality "1"]
[TimeControl "900+10"]

1. Nf3 d5 2. c4 e6 3. cxd5 exd5 4. e3 Nf6 5. b3 c6 6. Bb2 Be6 7. Be2 Nbd7 8. O-O Bd6 9. d3 Qc7 10. Nc3 h6 11. Rc1 a6 12. a3 Rc8 13. b4 Qb8 14. Na4 b5 15. Nc5 Bg4 16. h3 Bxf3 17. Bxf3 Nxc5 18. bxc5 Be5 19. Bxe5 Qxe5 20. d4 Qg5 21. Qd2 Ne4 22. Bxe4 dxe4 23. Qa5 Ra8 24. Qb6 Qd5 25. a4 O-O 26. axb5 axb5 27. Ra1 Rfb8 28. Qc7 Kh7 29. Ra7 Rxa7 30. Qxa7 Rd8 31. Ra1 Rd7 32. Qb6 Re7 33. Ra6 Re6 34. Qc7 Rg6 35. Ra7 f6 36. Qd6 Qg5 37. g3 Qh5 38. Qxc6 Qxh3 39. Qxe4 f5 40. Qg2 Qg4 41. c6 Qd1+ 42. Qf1 Qc2 43. c7 Rc6 44. Qxb5 Qd1+ 45. Kg2 Qc2 46. Rb7 Qe4+ 47. Kf1 Rc1+ 48. Ke2 Rc2+ 49. Kd1 Rxf2 50. Ke1 Qxe3+ 0-1

[Event "Kupreichik Memorial Rapid 2019"]
[Site "Minsk"]
[Date "2019.08.17"]
[Round "8.34"]
[White "Tarasionak, Arseni"]
[Black "Rataika, Mikalai"]
[Result "1-0"]
[ECO "D30"]
[WhiteElo "1209"]
[BlackElo "1920"]
[Annotator "NA RC"]
[PlyCount "115"]
[EventDate "2019.08.15"]
[EventType "swiss"]
[EventCountry "BLR"]
[SourceTitle "playchess.com"]
[Source "ChessBase"]
[SourceQuality "1"]
[TimeControl "900+10"]

1. d4 d5 2. Nf3 Nf6 3. c4 e6 4. Bg5 Nbd7 5. e3 Be7 6. Nc3 dxc4 7. Bxc4 a6 8. O-O b5 9. Bd3 Bb7 10. Rc1 c5 11. a4 cxd4 12. Nxd4 bxa4 13. Qxa4 O-O 14. Nc6 Bxc6 15. Qxc6 Qb6 16. Qxb6 Nxb6 17. Ne4 Nfd5 18. Bxe7 Nxe7 19. Nc5 a5 20. Rfd1 Rfb8 21. Be4 Nbd5 22. b3 Ra7 23. Rd2 Rc7 24. Rdc2 Rbc8 25. Nb7 Rxc2 26. Rxc2 Rxc2 27. Bxc2 Nb4 28. Be4 Nec6 29. Kf1 h6 30. Ke2 Kf8 31. Kd2 Ke7 32. Bxc6 Nxc6 33. Kc3 Kd7 34. Kc4 Kc7 35. Nc5 Ne5+ 36. Kb5 Ng4 37. Na6+ Kb7 38. Nc5+ Kc7 39. Kxa5 Nxf2 40. b4 Ng4 41. b5 Ne5 42. b6+ Kb8 43. Ka6 h5 44. Ne4 f6 45. Nc5 g5 46. Nxe6 h4 47. e4 g4 48. Nc7 Nf3 49. gxf3 g3 50. hxg3 hxg3 51. Kb5 g2 52. Na6+ Ka8 53. Kc6 g1=Q 54. b7+ Ka7 55. b8=Q+ Kxa6 56. Qa8+ Qa7 57. Qxa7+ Kxa7 58. Kd6 1-0

[Event "Kupreichik Memorial Rapid 2019"]
[Site "Minsk"]
[Date "2019.08.17"]
[Round "8.35"]
[White "Arlou, Valery"]
[Black "Makarau, Yauheni"]
[Result "1-0"]
[ECO "D02"]
[WhiteElo "1759"]
[BlackElo "1459"]
[Annotator "NA"]
[PlyCount "67"]
[EventDate "2019.08.15"]
[EventType "swiss"]
[EventCountry "BLR"]
[SourceTitle "playchess.com"]
[Source "ChessBase"]
[SourceQuality "1"]
[TimeControl "900+10"]

1. d4 d5 2. Nf3 e6 3. Bf4 Nf6 4. e3 Be7 5. Bd3 O-O 6. h3 b6 7. O-O Bb7 8. Nbd2 c5 9. c3 Nbd7 10. Rc1 Ne4 11. c4 Nxd2 12. Nxd2 cxd4 13. exd4 dxc4 14. Nxc4 Nf6 15. Be5 Rc8 16. Ne3 Rxc1 17. Qxc1 Bd6 18. Qb1 h6 19. Rd1 Bxe5 20. dxe5 Nd5 21. Be4 Qg5 22. Bxd5 exd5 23. Qf5 Qxf5 24. Nxf5 Rd8 25. f4 Bc8 26. Ne7+ Kf8 27. Nxc8 Rxc8 28. Rxd5 Rc1+ 29. Kh2 Ke7 30. Rd2 Rc4 31. Kg3 Ke6 32. Kf3 a5 33. Rd6+ Kf5 34. g4# {[%emt 0:00:03] Ke4+ Kxe4} 1-0

[Event "Kupreichik Memorial Rapid 2019"]
[Site "Minsk"]
[Date "2019.08.17"]
[Round "8.36"]
[White "Shaban, Aliaksandra"]
[Black "Kasperovich, Mikhail"]
[Result "1-0"]
[ECO "D05"]
[WhiteElo "1734"]
[BlackElo "1324"]
[Annotator "NA RC"]
[PlyCount "115"]
[EventDate "2019.08.15"]
[EventType "swiss"]
[EventCountry "BLR"]
[SourceTitle "playchess.com"]
[Source "ChessBase"]
[SourceQuality "1"]
[TimeControl "900+10"]

1. d4 d5 2. Nf3 Nf6 3. e3 e6 4. Bd3 Bd6 5. O-O O-O 6. Nbd2 c5 7. b3 Nc6 8. Bb2 cxd4 9. exd4 b6 10. a3 a5 11. Qe2 Bb7 12. Ne5 Bxe5 13. dxe5 Nd7 14. f4 Nc5 15. Bxh7+ Kxh7 16. Qh5+ Kg8 17. Rf3 Re8 18. Rh3 Kf8 19. Qh8+ Ke7 20. Qxg7 Rg8 21. Qh7 Rh8 22. Qxh8 Qxh8 23. Rxh8 Rxh8 24. Nf3 Ne4 25. Rd1 Ba6 26. Re1 Nc5 27. Re3 Rd8 28. Nd4 Nxd4 29. Bxd4 Rc8 30. h4 Nd7 31. c3 Rg8 32. b4 a4 33. g3 b5 34. Kg2 Nf8 35. Kf3 Ng6 36. h5 Nf8 37. g4 Nh7 38. Re1 f6 39. h6 Bb7 40. Rg1 Bc6 41. Kf2 Be8 42. exf6+ Nxf6 43. g5 Ne4+ 44. Ke3 Bg6 45. Rh1 Bh7 46. Bg7 Ng3 47. Bf6+ Kf7 48. Rg1 Nf5+ 49. Kd2 Nxh6 50. Rh1 Rg6 51. Bd4 Nf5 52. Rxh7+ Ng7 53. Ke3 Kg8 54. Rxg7+ Rxg7 55. Bxg7 Kxg7 56. Kd4 Kg6 57. Ke5 Kf7 58. g6+ 1-0

[Event "Kupreichik Memorial Rapid 2019"]
[Site "Minsk"]
[Date "2019.08.17"]
[Round "8.38"]
[White "Karlov, Egor"]
[Black "Kashtelyan, Valentin"]
[Result "1/2-1/2"]
[ECO "A43"]
[WhiteElo "1728"]
[BlackElo "1488"]
[Annotator "NA RC"]
[PlyCount "244"]
[EventDate "2019.08.15"]
[EventType "swiss"]
[EventCountry "BLR"]
[SourceTitle "playchess.com"]
[Source "ChessBase"]
[SourceQuality "1"]
[TimeControl "900+10"]

1. d4 c5 2. c3 e6 3. Nf3 d5 4. g3 Nf6 5. Bg2 Nc6 6. O-O Be7 7. Nbd2 O-O 8. dxc5 Bxc5 9. Nb3 Be7 10. Qc2 a6 11. Nfd4 Bd7 12. Rd1 Qc8 13. Nxc6 Bxc6 14. Bf4 b5 15. h3 Nh5 16. Be3 Nf6 17. g4 Nd7 18. Rd2 Ne5 19. Bf4 Nc4 20. Rdd1 a5 21. Nd4 Qb7 22. e4 Rac8 23. Nxc6 Qxc6 24. exd5 exd5 25. Bxd5 Qb6 26. Be4 h6 27. Bg3 Bf6 28. Rd3 Ne5 29. Rdd1 b4 30. Bf5 Rcd8 31. Rxd8 Rxd8 32. cxb4 Qxb4 33. Rc1 Nf3+ 34. Kh1 Qxb2 35. Qxb2 Bxb2 36. Rb1 Be5 37. Bxe5 Nxe5 38. Kg2 g6 39. Be4 Rd4 40. Bf3 Nxf3 41. Kxf3 Rd3+ 42. Kg2 Ra3 43. Rb2 Kg7 44. f3 Ra4 45. Kg3 g5 46. Kf2 Kf6 47. Re2 Rb4 48. Kg3 a4 49. Re3 Rb2 50. Ra3 Rb4 51. Re3 Kg6 52. Rd3 f6 53. Rc3 h5 54. gxh5+ Kxh5 55. Rc8 Kg6 56. Rc3 Kh5 57. Rd3 f5 58. h4 Rxh4 59. Rd8 Rb4 60. Rh8+ Kg6 61. Rg8+ Kf6 62. Rf8+ Ke6 63. Ra8 Ke5 64. Ra5+ Kf6 65. Ra6+ Kg7 66. Ra5 Kg6 67. Ra6+ Kh5 68. Ra5 f4+ 69. Kh3 Rd4 70. Ra8 Rd3 71. Rh8+ Kg6 72. Kg4 Ra3 73. Rh2 Rc3 74. Rb2 Rc5 75. Rb6+ Kf7 76. Ra6 Ke7 77. Rxa4 Kd7 78. Rd4+ Ke6 79. a4 Ra5 80. Rb4 Kd6 81. Rb5 Rxa4 82. Rxg5 Ke6 83. Rf5 Ra1 84. Kxf4 Rg1 85. Rg5 Rb1 86. Rg2 Rb4+ 87. Kg5 Rb5+ 88. Kg4 Kf6 89. f4 Rb4 90. Rc2 Rb6 91. Rh2 Rb1 92. Rh3 Rg1+ 93. Rg3 Rxg3+ 94. Kxg3 Kf5 95. Kf3 Kf6 96. Kg4 Kg6 97. f5+ Kf6 98. Kf4 Kf7 99. Ke5 Ke7 100. f6+ Kf7 101. Kf5 Kf8 102. Ke4 Kf7 103. Ke5 Kf8 104. Kf4 Kf7 105. Kg5 Kf8 106. Kg6 Kg8 107. Kg5 Kf7 108. Kf5 Kf8 109. Ke5 Kf7 110. Kf5 Kf8 111. Kg4 Kf7 112. Kg5 Kf8 113. Kf4 Kf7 114. Kf5 Kf8 115. Kf4 Kf7 116. Kg5 Kf8 117. Kh6 Kf7 118. Kg5 Kf8 119. Kf5 Kf7 120. Ke5 Kf8 121. Kd6 Kf7 122. Ke5 Kf8 1/2-1/2

[Event "Kupreichik Memorial Rapid 2019"]
[Site "Minsk"]
[Date "2019.08.17"]
[Round "8.39"]
[White "Drobyshevsky, Vasily"]
[Black "Lavrishchev, Matvei"]
[Result "1-0"]
[ECO "D45"]
[WhiteElo "1441"]
[BlackElo "1175"]
[Annotator "NA RC"]
[PlyCount "57"]
[EventDate "2019.08.15"]
[EventType "swiss"]
[EventCountry "BLR"]
[SourceTitle "playchess.com"]
[Source "ChessBase"]
[SourceQuality "1"]
[TimeControl "900+10"]

1. c4 e6 2. Nc3 d5 3. e3 c6 4. Nf3 Nf6 5. d4 Nbd7 6. Ne5 Bd6 7. f4 O-O 8. Be2 Bxe5 9. fxe5 Ne8 10. cxd5 exd5 11. O-O g6 12. Bd3 Ng7 13. b3 Ne6 14. Ba3 Re8 15. Qf3 Rf8 16. Bxf8 Qxf8 17. Rf2 Nd8 18. Raf1 Qg7 19. e4 dxe4 20. Nxe4 h6 21. Nd6 Rb8 22. Bc4 b5 23. Bxf7+ Nxf7 24. Qxf7+ Qxf7 25. Rxf7 Bb7 26. Rxd7 Ba6 27. Rff7 Kh8 28. Ne4 Re8 29. Nf6 1-0

[Event "Kupreichik Memorial Rapid 2019"]
[Site "Minsk"]
[Date "2019.08.17"]
[Round "9.2"]
[White "Vaganian, Rafael A"]
[Black "Sveshnikov, Evgeny"]
[Result "1/2-1/2"]
[ECO "A06"]
[WhiteElo "2514"]
[BlackElo "2483"]
[Annotator "ChessBase"]
[PlyCount "44"]
[EventDate "2019.08.15"]
[EventType "swiss"]
[EventCountry "BLR"]
[SourceTitle "playchess.com"]
[Source "ChessBase"]
[SourceQuality "1"]
[TimeControl "900+10"]

1. Nf3 d5 2. g3 g6 3. c4 c6 4. cxd5 cxd5 5. Bg2 Bg7 6. d4 Nf6 7. Ne5 O-O 8. Nc3 Nc6 9. Nxc6 bxc6 10. O-O Bf5 11. Na4 Nd7 12. Be3 Qa5 13. b3 Rfc8 14. Qe1 Qxe1 15. Raxe1 Nb6 16. Nc5 Nd7 17. Rc1 Nxc5 18. Rxc5 a5 19. Rfc1 Bd7 20. f4 e6 21. Bf2 Bf8 22. R5c2 a4 1/2-1/2

[Event "Kupreichik Memorial Rapid 2019"]
[Site "Minsk"]
[Date "2019.08.17"]
[Round "9.3"]
[White "Teterev, Vitaly"]
[Black "Tsaruk, Maksim"]
[Result "0-1"]
[ECO "A05"]
[WhiteElo "2474"]
[BlackElo "2230"]
[Annotator "ChessBase"]
[PlyCount "130"]
[EventDate "2019.08.15"]
[EventType "swiss"]
[EventCountry "BLR"]
[SourceTitle "playchess.com"]
[Source "ChessBase"]
[SourceQuality "1"]
[TimeControl "900+10"]

1. Nf3 Nf6 2. g3 b6 3. Bg2 Bb7 4. O-O g6 5. d3 Bg7 6. e4 d6 7. Re1 Nbd7 8. Nbd2 c5 9. c3 O-O 10. d4 cxd4 11. cxd4 e5 12. d5 Nc5 13. Bf1 Qd7 14. a4 a5 15. Nc4 Qc7 16. Nfd2 Ba6 17. f3 b5 18. axb5 Bxb5 19. Re3 Rfb8 20. Rea3 a4 21. b3 Nxb3 22. Nxb3 Bxc4 23. Nd2 Bxf1 24. Nxf1 Rb4 25. Bd2 Qa7+ 26. Kg2 Rc4 27. Ne3 Rd4 28. Nc2 Rc4 29. Nb4 Qd4 30. Nc6 Qb2 31. R3a2 Qb6 32. Rxa4 Raxa4 33. Rxa4 Rxa4 34. Qxa4 Qb2 35. Qb4 Qc2 36. Qc3 Qd1 37. Qe3 h6 38. Bb4 Bf8 39. Qd2 Qb1 40. Qe2 Kh7 41. g4 Qb3 42. h3 Nd7 43. h4 f5 44. g5 f4 45. Qd2 hxg5 46. hxg5 Kg8 47. Na5 Qa4 48. Nc6 Nb6 49. Qc3 Qa2+ 50. Qd2 Qb3 51. Qc3 Qd1 52. Qd2 Qa4 53. Qe2 Qb3 54. Be1 Nc4 55. Bf2 Kf7 56. Nd8+ Ke8 57. Ne6 Be7 58. Kh3 Bd8 59. Kg4 Bb6 60. Bxb6 Qxb6 61. Qh2 Ne3+ 62. Kh3 Qb1 63. Nxf4 exf4 64. Qxf4 Qf1+ 65. Kh2 Qg2# 0-1

[Event "Kupreichik Memorial Rapid 2019"]
[Site "Minsk"]
[Date "2019.08.17"]
[Round "9.5"]
[White "Lazavik, Denis"]
[Black "Sychev, Klementy"]
[Result "1-0"]
[ECO "D45"]
[WhiteElo "2347"]
[BlackElo "2579"]
[Annotator "ChessBase"]
[PlyCount "157"]
[EventDate "2019.08.15"]
[EventType "swiss"]
[EventCountry "BLR"]
[SourceTitle "playchess.com"]
[Source "ChessBase"]
[SourceQuality "1"]
[TimeControl "900+10"]

1. d4 Nf6 2. c4 e6 3. Nf3 d5 4. Nc3 c6 5. e3 Nbd7 6. Qc2 b6 7. cxd5 cxd5 8. Nb5 Bb4+ 9. Bd2 Bxd2+ 10. Nxd2 O-O 11. Bd3 a6 12. Nc3 b5 13. O-O Bb7 14. Rfc1 Rc8 15. Qd1 Nb6 16. Ne2 Nc4 17. Rc2 Nd7 18. Rac1 Qb6 19. b3 Nd6 20. Rxc8 Rxc8 21. Rxc8+ Bxc8 22. Qc2 g6 23. b4 a5 24. Qc3 a4 25. a3 Nc4 26. Nb1 Bb7 27. Qc1 Qd6 28. Nec3 Bc6 29. Be2 f6 30. Qc2 Kg7 31. Qc1 Ndb6 32. Nd2 e5 33. Nf3 e4 34. Nd2 f5 35. Bxc4 dxc4 36. Ne2 Nd5 37. Nb1 g5 38. Nbc3 Nf6 39. h3 Kf8 40. Qd2 h5 41. d5 Nxd5 42. h4 Qe5 43. hxg5 Kg7 44. Nxd5 Bxd5 45. Nd4 Bf7 46. Qc3 Kg6 47. Nxb5 Qe7 48. Qd4 Qxg5 49. Nc3 h4 50. Qd6+ Kh5 51. Qe5 Bg6 52. Nd5 Kh6 53. Nf4 Qd8 54. Qe6 Qe8 55. Qxc4 Bf7 56. Qd4 Kh7 57. Qf6 Qd7 58. Qxh4+ Kg8 59. Qg5+ Kf8 60. Qf6 Kg8 61. Qd4 Qe7 62. Qc5 Qf6 63. b5 Qa1+ 64. Kh2 Qb2 65. Nh3 f4 66. exf4 e3 67. Qxe3 Qxb5 68. Ng5 Qf5 69. Qe5 Qg6 70. Qb8+ Be8 71. Qc7 Qh5+ 72. Kg3 Qg6 73. Qe7 Qd3+ 74. Qe3 Qb3 75. Kh2 Bg6 76. Qe7 Qd3 77. Ne6 Bf7 78. Qg5+ Bg6 79. Qf6 1-0

[Event "Kupreichik Memorial Rapid 2019"]
[Site "Minsk"]
[Date "2019.08.17"]
[Round "9.6"]
[White "Balashov, Yuri S"]
[Black "Zarubitski, Viachaslau"]
[Result "1-0"]
[ECO "D11"]
[WhiteElo "2474"]
[BlackElo "2426"]
[Annotator "ChessBase"]
[PlyCount "87"]
[EventDate "2019.08.15"]
[EventType "swiss"]
[EventCountry "BLR"]
[SourceTitle "playchess.com"]
[Source "ChessBase"]
[SourceQuality "1"]
[TimeControl "900+10"]

1. Nf3 Nf6 2. c4 c6 3. d4 d5 4. e3 a6 5. Nbd2 Bf5 6. b3 e6 7. Bb2 Be7 8. Be2 h6 9. O-O O-O 10. c5 Nbd7 11. b4 Ne4 12. a4 Qc7 13. Nb3 Bf6 14. Rc1 Rfe8 15. Nfd2 e5 16. Nxe4 Bxe4 17. Bg4 Rad8 18. Bxd7 Rxd7 19. Qd2 Re6 20. Rfe1 Rde7 21. dxe5 Bxe5 22. Bxe5 Rxe5 23. Nd4 Re8 24. f3 Bh7 25. b5 g5 26. Rc3 f5 27. bxc6 bxc6 28. Rb3 f4 29. Re2 R5e7 30. exf4 gxf4 31. Rb6 Rxe2 32. Nxe2 Qe7 33. Nd4 Qxc5 34. Rxc6 Qa3 35. Kf2 Re3 36. Rc8+ Kg7 37. Rc7+ Kh8 38. Nf5 Rd3 39. Rc8+ Bg8 40. Qxf4 Qb2+ 41. Kg3 Qf6 42. Qxh6+ Qxh6 43. Nxh6 d4 44. Nxg8 1-0

[Event "Kupreichik Memorial Rapid 2019"]
[Site "Minsk"]
[Date "2019.08.17"]
[Round "9.7"]
[White "Pakhomov, Alexey"]
[Black "Zhukova, Natalia"]
[Result "1-0"]
[ECO "A57"]
[WhiteElo "2315"]
[BlackElo "2333"]
[Annotator "NA"]
[PlyCount "75"]
[EventDate "2019.08.15"]
[EventType "swiss"]
[EventCountry "BLR"]
[SourceTitle "playchess.com"]
[Source "ChessBase"]
[SourceQuality "1"]
[TimeControl "900+10"]

1. d4 Nf6 2. c4 c5 3. d5 b5 4. Nd2 bxc4 5. e4 c3 6. bxc3 d6 7. c4 g6 8. Bb2 Bg7 9. Bd3 O-O 10. Ngf3 e5 11. O-O Nh5 12. g3 Nd7 13. Nh4 Nf4 14. Bc2 Nb6 15. Ng2 Nh3+ 16. Kh1 f5 17. exf5 Bxf5 18. Bxf5 Rxf5 19. f4 Rb8 20. Rb1 Qd7 21. Qg4 Na4 22. Qxh3 Nxb2 23. Ne3 Rf7 24. f5 e4 25. g4 Rbf8 26. Nxe4 Re7 27. Ng5 h6 28. Ne6 Nd3 29. Nxf8 Bxf8 30. Rb8 Re8 31. Rxe8 Qxe8 32. fxg6 Qe4+ 33. Qf3 Qxf3+ 34. Rxf3 Ne5 35. Rf6 Be7 36. Re6 Bg5 37. Nf5 Nxc4 38. Re8# 1-0

[Event "Kupreichik Memorial Rapid 2019"]
[Site "Minsk"]
[Date "2019.08.17"]
[Round "9.8"]
[White "Pogosian, Manvel"]
[Black "Vashchilov, Sergey"]
[Result "1-0"]
[ECO "D37"]
[WhiteElo "2383"]
[BlackElo "2162"]
[Annotator "NA"]
[PlyCount "43"]
[EventDate "2019.08.15"]
[EventType "swiss"]
[EventCountry "BLR"]
[SourceTitle "playchess.com"]
[Source "ChessBase"]
[SourceQuality "1"]
[TimeControl "900+10"]

1. d4 e6 2. Nf3 d5 3. c4 Nf6 4. Nc3 dxc4 5. e3 a6 6. Bxc4 b5 7. Bb3 Bb7 8. O-O Nbd7 9. Qe2 c5 10. Rd1 Qc7 11. e4 cxd4 12. Nxd4 Nc5 13. Bg5 Be7 14. e5 Nxb3 15. axb3 Nd5 16. Nxd5 Bxd5 17. Nxb5 axb5 18. Qxb5+ Kf8 19. Rxa8+ Bxa8 20. Rd7 Bc6 21. Bxe7+ Ke8 22. Rxc7 1-0

[Event "Kupreichik Memorial Rapid 2019"]
[Site "Minsk"]
[Date "2019.08.17"]
[Round "9.9"]
[White "Maryasin, Boris"]
[Black "Mikhailovsky, Vladimir"]
[Result "0-1"]
[ECO "B23"]
[WhiteElo "2302"]
[BlackElo "2209"]
[Annotator "NA"]
[PlyCount "70"]
[EventDate "2019.08.15"]
[EventType "swiss"]
[EventCountry "BLR"]
[SourceTitle "playchess.com"]
[Source "ChessBase"]
[SourceQuality "1"]
[TimeControl "900+10"]

1. e4 c5 2. Nc3 e5 3. Bc4 Nc6 4. d3 d6 5. f4 Nd4 6. fxe5 dxe5 7. Nf3 f6 8. Nxd4 cxd4 9. Nd5 h5 10. O-O Ne7 11. c3 Nxd5 12. Bxd5 Bc5 13. Kh1 Qe7 14. Qb3 h4 15. cxd4 Bxd4 16. Bd2 h3 17. g3 Rb8 18. Rac1 Bg4 19. Bc6+ Bd7 20. Bd5 Bg4 21. Bb4 Qd7 22. Qa3 Rc8 23. Bc5 Rxc5 24. Rxc5 Be2 25. Rcc1 Qg4 26. Qa4+ Kd8 27. Qxd4 exd4 28. Rf4 Qd7 29. Bc4 Ke7 30. Re1 Bg4 31. e5 Qc6+ 32. Ree4 f5 33. Rxg4 fxg4 34. Kg1 Rc8 35. Kf2 Qxe4 0-1

[Event "Kupreichik Memorial Rapid 2019"]
[Site "Minsk"]
[Date "2019.08.17"]
[Round "9.10"]
[White "Veremeichik, Vladimir"]
[Black "Sarbay, Aleksandr"]
[Result "1-0"]
[ECO "A61"]
[WhiteElo "2282"]
[BlackElo "2115"]
[Annotator "NA"]
[PlyCount "87"]
[EventDate "2019.08.15"]
[EventType "swiss"]
[EventCountry "BLR"]
[SourceTitle "playchess.com"]
[Source "ChessBase"]
[SourceQuality "1"]
[TimeControl "900+10"]

1. d4 Nf6 2. c4 e6 3. Nc3 c5 4. d5 exd5 5. cxd5 d6 6. Nf3 g6 7. Bf4 a6 8. a4 Bg7 9. h3 O-O 10. e3 Qe7 11. Nd2 Nh5 12. Bh2 Nd7 13. Be2 Nhf6 14. O-O b6 15. Re1 Bb7 16. e4 Ne8 17. Nc4 Rb8 18. Bg4 Ba8 19. Qd3 b5 20. axb5 axb5 21. Na5 c4 22. Qc2 Nc5 23. Nc6 Bxc6 24. dxc6 Nd3 25. Nd5 Qd8 26. Re3 Bxb2 27. Rb1 Be5 28. Rxd3 Bxh2+ 29. Kxh2 cxd3 30. Qc3 f5 31. exf5 gxf5 32. Bf3 Rf7 33. Bh5 Nc7 34. Bxf7+ Kxf7 35. Qxd3 Kg6 36. g4 Nxd5 37. Qxf5+ Kg7 38. Qxd5 Qf6 39. Kg2 Qe5 40. Qxe5+ dxe5 41. c7 Rc8 42. Rxb5 Kf6 43. Rb6+ Kg5 44. Kg3 1-0

[Event "Kupreichik Memorial Rapid 2019"]
[Site "Minsk"]
[Date "2019.08.17"]
[Round "9.12"]
[White "Dydyshko, Viacheslav"]
[Black "Romanovskij, Nikita"]
[Result "1-0"]
[ECO "E12"]
[WhiteElo "2506"]
[BlackElo "1869"]
[Annotator "ChessBase"]
[PlyCount "65"]
[EventDate "2019.08.15"]
[EventType "swiss"]
[EventCountry "BLR"]
[SourceTitle "playchess.com"]
[Source "ChessBase"]
[SourceQuality "1"]
[TimeControl "900+10"]

1. d4 Nf6 2. c4 e6 3. Nf3 b6 4. a3 Bb7 5. Bf4 d5 6. e3 Bd6 7. Bg3 O-O 8. cxd5 exd5 9. Nc3 Qe7 10. Rc1 c5 11. Bd3 Nbd7 12. O-O Bxg3 13. hxg3 Ne4 14. Bb1 Rfd8 15. Qd3 Rac8 16. Rfd1 cxd4 17. Qxd4 Ndc5 18. Ba2 Nxc3 19. Rxc3 Ne6 20. Qd3 Rxc3 21. Qxc3 Qc5 22. Qd2 Rc8 23. Bxd5 Rd8 24. e4 Bxd5 25. exd5 Nc7 26. d6 Ne8 27. d7 Nf6 28. Rc1 Qf5 29. Rc7 a5 30. Qe1 h5 31. Ne5 Kf8 32. Nc6 Qc5 33. Rc8 1-0

[Event "Kupreichik Memorial Rapid 2019"]
[Site "Minsk"]
[Date "2019.08.17"]
[Round "9.13"]
[White "Khrapko, Marharyta"]
[Black "Kochetkov, Vitali"]
[Result "1-0"]
[ECO "C11"]
[WhiteElo "2073"]
[BlackElo "2266"]
[Annotator "NA"]
[PlyCount "81"]
[EventDate "2019.08.15"]
[EventType "swiss"]
[EventCountry "BLR"]
[SourceTitle "playchess.com"]
[Source "ChessBase"]
[SourceQuality "1"]
[TimeControl "900+10"]

1. e4 e6 2. d4 d5 3. Nc3 Nf6 4. Bg5 dxe4 5. Bxf6 gxf6 6. Nxe4 f5 7. Ng3 c5 8. dxc5 Qxd1+ 9. Rxd1 Bxc5 10. Nf3 Nd7 11. Bb5 Ke7 12. O-O Bd6 13. Nxf5+ exf5 14. Rfe1+ Ne5 15. Nxe5 Bxe5 16. Rxe5+ Kf6 17. f4 Be6 18. a4 Rac8 19. c3 Rhd8 20. Rxd8 Rxd8 21. Kf2 a6 22. Bf1 Rd2+ 23. Re2 Rd1 24. b4 Rc1 25. Re3 Rc2+ 26. Kg3 Bd5 27. a5 Be4 28. Be2 Rc1 29. Bf3 Bxf3 30. Kxf3 Rc2 31. h3 h5 32. g3 Rd2 33. g4 fxg4+ 34. hxg4 hxg4+ 35. Kxg4 Rg2+ 36. Kf3 Rd2 37. Ke4 Ke6 38. Rd3 f5+ 39. Kd4 Rf2 40. Kc5 Rxf4 41. Kb6 {[%emt 0:00:01] Kd5} 1-0

[Event "Kupreichik Memorial Rapid 2019"]
[Site "Minsk"]
[Date "2019.08.17"]
[Round "9.14"]
[White "Barskij, Vladimir"]
[Black "Zverev, Lev"]
[Result "1-0"]
[ECO "C29"]
[WhiteElo "2389"]
[BlackElo "1881"]
[Annotator "NA"]
[PlyCount "69"]
[EventDate "2019.08.15"]
[EventType "swiss"]
[EventCountry "BLR"]
[SourceTitle "playchess.com"]
[Source "ChessBase"]
[SourceQuality "1"]
[TimeControl "900+10"]

1. e4 e5 2. Nc3 Nf6 3. f4 d5 4. fxe5 Nxe4 5. Qf3 Nxc3 6. bxc3 Be6 7. Qg3 Nd7 8. Nf3 Bf5 9. d3 Bg6 10. h4 Qe7 11. h5 Bf5 12. Be2 h6 13. O-O O-O-O 14. Be3 a6 15. Rab1 Be6 16. Nd4 c5 17. Nxe6 Qxe6 18. Bg4 Qe8 19. Qf4 Be7 20. Qxf7 Qxf7 21. Rxf7 Rhe8 22. Rxg7 Bf8 23. Rg6 Kb8 24. d4 cxd4 25. cxd4 Ka7 26. Bxh6 Be7 27. Bd2 Nf8 28. Rgb6 Rb8 29. Bf5 Bd8 30. R6b3 b5 31. h6 Bb6 32. h7 Bxd4+ 33. Be3 Bxe3+ 34. Rxe3 Ne6 35. h8=Q 1-0